 Dungeon Crawl Stone Soup version 0.19.1-1-g22dce08 (webtiles) character file.

23 McKennaii the Gusty (level 2, 0/17 HPs)
             Began as a High Elf Air Elementalist on Jan 7, 2017.
             Slain by a leopard gecko (2 damage)
             ... on level 1 of the Dungeon.
             The game lasted 00:02:02 (820 turns).

McKennaii the Gusty (High Elf Air Elementalist)      Turns: 820, Time: 00:02:03

Health: 0/17       AC:  2    Str:  7    XL:     2   Next: 75%
Magic:  2/6        EV: 13    Int: 18    God:
Gold:   22         SH:  0    Dex: 15    Spells: 3 memorised, 1 level left

rFire  . . .     SeeInvis .     g - +2 dagger (flame)
rCold  . . .     Gourm    .     a - +0 robe
rNeg   . . .     Faith    .     (no shield)
rPois  .         Spirit   .     (no helmet)
rElec  .         Reflect  .     (no cloak)
rCorr  .         Harm     .     (no gloves)
MR     .....                    (no boots)
Stlth  ++........               (no amulet)
                                (no ring)
                                (no ring)

@: no status effects
A: no striking features
a: no special abilities


You were on level 1 of the Dungeon.
You were not hungry.

You visited 1 branch of the dungeon, and saw 2 of its levels.

You collected 22 gold pieces.

Inventory:

Hand Weapons
 g - a +2 dagger of flaming (weapon)
Armour
 a - a +0 robe (worn)
Jewellery
 d - a cursed ring of teleportation {unknown}
Scrolls
 e - a scroll of teleportation {unknown}
 h - a scroll of identify {unknown}
 i - a scroll of immolation {unknown}
Books
 b - a book of Air

   Spells                             Type                      Level
   a - Shock                          Conjuration/Air              1
   b - Swiftness                      Charms/Air                   2
   c - Repel Missiles                 Charms/Air                   2
   d - Static Discharge               Conjuration/Air              3
   e - Lightning Bolt                 Conjuration/Air              5
Comestibles
 c - 2 bread rations
 f - a meat ration
 j - 4 fruits


   Skills:
 + Level 2.2 Dodging
 + Level 2.5 Stealth
 + Level 2.6 Spellcasting
 + Level 1.1 Conjurations
 + Level 4.4 Air Magic


You had one spell level left.
You knew the following spells:

 Your Spells              Type           Power        Failure   Level  Hunger
a - Shock                 Conj/Air       ##..         8%          1    #......
b - Swiftness             Chrm/Air       ##......     12%         2    ##.....
c - Repel Missiles        Chrm/Air       ##....       12%         2    ##.....


Dungeon Overview and Level Annotations

Branches:
Dungeon (2/15)

Altars:

Annotations:
D:2 Sigmund


Message History

You kill the rat!
The zap hits the leopard gecko.
The leopard gecko is lightly wounded.
The leopard gecko closely misses you.
Casting: Shock
Confirm with . or Enter, or press ? or * to list all spells.
Aiming: Shock
Press: ? - help, Shift-Dir - straight line, f - leopard gecko
Aim: a leopard gecko (lightly wounded, clinging)
The zap misses the leopard gecko.
The leopard gecko closely misses you.
The leopard gecko completely misses you.
Casting: Shock
Confirm with . or Enter, or press ? or * to list all spells.
Aiming: Shock
Press: ? - help, Shift-Dir - straight line, f/p - leopard gecko
Aim: a leopard gecko (lightly wounded, clinging)
The zap hits the leopard gecko.
The leopard gecko is severely wounded.
The leopard gecko bites you.
You die...

#####.#### #.# #######.#
......# #.# #.#
......########.# #.#
...............# #.#
......##################.###
......# #...............#
####### #.###########.###
############.###############
....(......(...l@l.[.......#
#######.####.############†##
# #.# #.##...........# ##
#.# #.##.########### .# #.#
#.##.# .# #.# #.##.# .## #.#
#.##.# ..# #.####.##.# #.#
#.##......#


You could see 2 leopard geckos.

Vanquished Creatures
  2 dart slugs (D:1)
  4 bats
  A giant cockroach (D:1)
  3 goblins
  2 hobgoblins (D:1)
  3 frilled lizards (D:1)
  3 kobolds (D:1)
  3 rats (D:1)
21 creatures vanquished.

Notes
Turn   | Place    | Note
-------+----------+-------------------------------------------
     0 | D:1      | McKennaii the High Elf Air Elementalist began the quest for the Orb.
     0 | D:1      | Reached XP level 1. HP: 11/11 MP: 4/4
   113 | D:1      | Reached skill level 4 in Air Magic
   113 | D:1      | Reached XP level 2. HP: 6/17 MP: 1/6
   117 | D:1      | Learned a level 2 spell: Swiftness
   120 | D:1      | Learned a level 2 spell: Repel Missiles
   716 | D:2      | Noticed Sigmund
   820 | D:1      | Slain by a leopard gecko

Skill      XL: |  1 |
---------------+----+-----
Air Magic      | 4 |  4.4
Dodging        | |  2.2
Stealth        | |  2.5
Spellcasting   | |  2.6
Conjurations   | |  1.1

Action                   || total
-------------------------++-------
Melee: Unarmed           ||    11
 Cast: Shock             ||    34
Armor: Robe              ||     1
Dodge: Dodged            ||    28
